 Dungeon Crawl Stone Soup version 0.20.1-1-g8b1a95d (webtiles) character file.

39384 equalderp2856 the Severer (level 13, -9/118 HPs)
             Began as a Minotaur Fighter on Aug 4, 2017.
             Killed from afar by a molten gargoyle (20 damage)
             ... with a bolt of magma
             ... on level 6 of the Lair of Beasts.
             The game lasted 00:54:46 (18704 turns).

equalderp2856 the Severer (Minotaur Fighter)       Turns: 18704, Time: 00:54:48

Health: -9/118     AC: 22    Str: 22    XL:     13   Next: 68%
Magic:  0/16       EV:  9    Int:  6    God:
Gold:   885        SH:  8    Dex: 13    Spells: 18/18 levels left

rFire    . . .     SeeInvis .   P - +4 war axe (curse)
rCold    . . .     Gourm    .   a - +1 buckler {reflect}
rNeg     . . .     Faith    .   X - +0 plate armour
rPois    .         Spirit   +   (helmet restricted)
rElec    .         Reflect  +   (no cloak)
rCorr    .         Harm     .   (no gloves)
MR       .....                  V - +0 pair of boots
Stlth    ..........             U - amulet of guardian spirit
Regen    0.3/turn               N - +5 ring of protection
MPRegen  0.2/turn               x - ring of wizardry

@: no status effects
A: retaliatory headbutt, horns 2
a: no special abilities


You were on level 6 of the Lair of Beasts.
You were near starving.

You visited 2 branches of the dungeon, and saw 18 of its levels.

You collected 885 gold pieces.

Inventory:

Hand Weapons
 P - a cursed +4 war axe (weapon)
Missiles
 b - 78 sling bullets
 v - 7 large rocks
 A - 47 arrows
Armour
 a - a +1 buckler of reflection (worn)
 c - a +1 shield
 L - a +2 buckler
 V - a +0 pair of boots (worn)
 X - a +0 plate armour (worn)
Magical Staves
 Y - an uncursed staff of poison {unknown}
Jewellery
 h - an uncursed amulet of regeneration
 x - a ring of wizardry (right hand)
 J - a +2 ring of intelligence
 N - a +5 ring of protection (left hand)
 U - an amulet of guardian spirit (around neck)
Wands
 d - a wand of lightning (4/15)
 e - a wand of iceblast (7/15)
 k - a wand of paralysis (11/24)
 M - a wand of acid (15/15)
 Q - a wand of scattershot (4/9)
 T - a wand of digging (13/24)
 W - a wand of clouds (1/9)
Scrolls
 i - 3 scrolls of fear
 l - 6 scrolls of magic mapping
 m - 4 scrolls of teleportation
 n - 2 scrolls of enchant armour
 o - 3 scrolls of identify
 r - 3 scrolls of immolation {unknown}
 s - 5 scrolls of remove curse
 y - 3 scrolls of amnesia
 D - 3 scrolls of enchant weapon
 F - a scroll of random uselessness {unknown}
Potions
 j - 4 potions of haste
 p - a potion of degeneration {unknown}
 u - 5 potions of brilliance
 w - 2 potions of cancellation
 E - 2 potions of agility
 G - 3 potions of resistance
 H - 2 potions of lignification
 I - 2 potions of berserk rage
 O - 2 potions of ambrosia {unknown}
 R - a potion of invisibility {unknown}
 S - 4 potions of heal wounds
 Z - 2 potions of mutation {unknown}
Books
 g - a book of Death

   Spells                             Type                      Level
   a - Corpse Rot                     Necromancy                   2
   b - Sublimation of Blood           Necromancy                   2
   c - Agony                          Necromancy                   5
   d - Dispel Undead                  Necromancy                   5
   e - Excruciating Wounds            Charms/Necromancy            5
   f - Bolt of Draining               Conjuration/Necromancy       5
 t - a book of Power

   Spells                             Type                      Level
   a - Iskenderun's Battlesphere      Conjuration/Charms           5
   b - Venom Bolt                     Conjuration/Poison           5
   c - Bolt of Magma                  Conjuration/Fire/Earth       5
   d - Iron Shot                      Conjuration/Earth            6
   e - Orb of Destruction             Conjuration                  7
   f - Spellforged Servitor           Conjuration/Summoning        7
 B - a book of Changes

   Spells                             Type                      Level
   a - Beastly Appendage              Transmutation                1
   b - Sticks to Snakes               Transmutation                2
   c - Spider Form                    Transmutation/Poison         3
   d - Ice Form                       Ice/Transmutation            4
   e - Blade Hands                    Transmutation                5
 K - a book of Frost

   Spells                             Type                      Level
   a - Freeze                         Ice                          1
   b - Throw Frost                    Conjuration/Ice              2
   c - Ozocubu's Armour               Charms/Ice                   3
   d - Throw Icicle                   Conjuration/Ice              4
   e - Summon Ice Beast               Ice/Summoning                4
Comestibles
 f - 14 bread rations
 z - 11 royal jellies
 C - 4 meat rations


   Skills:
 + Level 12.2 Fighting
 + Level 16.3 Axes
 + Level 12.4 Armour
 + Level 4.3 Dodging
 + Level 1.2 Stealth
 + Level 13.4 Shields
 * Level 3.2 Spellcasting


You had 18 spell levels left.
You didn't know any spells.

Dungeon Overview and Level Annotations

Branches:
Dungeon (12/15)            Temple (0/1) D:7            Lair (6/6) D:11
 Shoals (0/4) Lair:3       Spider (0/4) Lair:4        Slime (0/5) Lair:5
    Orc (0/2) D:12

Altars:
Ashenzari
Dithmenos
Hepliaklqana
Makhleb
Okawaru
Qazlal
Sif Muna
Xom
Yredelemnul
Beogh
Jiyva

Shops:
D:5 *   D:8 (

Annotations:
D:6 Thaneod's ghost, novice MiBe
D:7 2 transporters
Lair:6 exclusion: oklob plant


Innate Abilities, Weirdness & Mutations

You reflexively headbutt those who attack you in melee.
You have a pair of horns on your head.


Message History

The komodo dragon bites you!!
* * * LOW HITPOINT WARNING * * *
Unknown command.
Unknown command.
Unknown command.
Unknown command.
The wyvern bites you!
* * * LOW HITPOINT WARNING * * *
A molten gargoyle comes into view. It is wielding a morningstar.
Unknown command.
You feel much better. The wyvern completely misses you.
You furiously retaliate!
You headbutt the wyvern. The komodo dragon bites you!!
* * * LOW HITPOINT WARNING * * *
You block the komodo dragon's attack.
A lava snake comes into view.
The lava snake hisses angrily.
The komodo dragon closely misses you.
The molten gargoyle blasts magma at you!
The bolt of magma hits you!
You die...

..#≈§§§###
###... §§§.## #
#8....#≈§...##
§≈
#....9#.....#§S≈
#8....#.......≈≈
#..........8#
#.........#
#..ll@# #..ll##
#..9## ##..# .
#..# ... ##.##
.....#.#.#
........#.......
................


You could see 2 komodo dragons, 2 molten gargoyles, 2 wyverns and a lava snake.

Vanquished Creatures
  The ghost of equalderp2856 the Cleaver, a journeyman MiFi (D:11)
  Erolcha (D:10)
  A two-headed ogre (D:12)
  4 death yaks (Lair:5)
  Sonja (D:10)
  An unseen horror (D:12)
  A manticore (D:10)
  A deep elf mage (D:12)
  3 cyclopes
  4 ugly things
  A centaur zombie (D:9)
  Joseph (D:7)
  5 elephants (Lair:4)
  2 black mambas
  A torpor snail (Lair:3)
  19 spiny frogs
  A gargoyle (D:10)
  A rime drake (Lair:4)
  5 komodo dragons
  A jumping spider (Lair:4)
  A queen bee (D:11)
  3 hornets
  A polar bear (Lair:5)
  7 hippogriffs
  4 blink frogs (Lair:4)
  2 redbacks (Lair:4)
  A shadow (D:12)
  A vampire (D:11)
  31 yaks
  3 wyverns
  3 basilisks
  10 water moccasins
  9 porcupines
  Duvessa (D:7)
  2 hell hounds (D:11)
  6 orc warriors
  2 sky beasts
  3 ice beasts
  2 black bears
  2 phantoms
  2 eyes of draining (D:12)
  4 ogres
  8 crocodiles
  3 wolves (Lair:1)
  13 centaurs
  2 big kobolds (D:8)
  10 bullfrogs
  2 gnoll sergeants
  A water moccasin zombie (D:8)
  A wyvern skeleton (D:11)
  Dowan (D:7)
  4 scorpions
  20 killer bees
  11 wights
  3 bullfrog zombies
  5 crimson imps
  3 quasits
  5 jellies
  7 hounds
  10 orc wizards
  2 centaur skeletons
  5 orc priests
  4 iguanas
  A bullfrog skeleton (D:11)
  Ijyb (D:3)
  Natasha (thrice) (D:3)
  11 worker ants
  4 hell rats (Lair:2)
  2 hound zombies
  2 hound skeletons
  A howler monkey zombie (D:5)
  6 gnolls
  12 adders
  2 shadow imps (D:11)
  4 oozes
  An adder zombie (D:9)
  2 adder skeletons (D:9)
  2 worms (D:3)
  2 dart slugs
  6 leopard geckos
  47 orcs
  6 giant cockroaches
  8 goblins
  2 hobgoblins (D:3)
  11 jackals
  11 kobolds
  4 quokkas
  A ball python (D:7)
  3 bats
  4 frilled lizards
  A giant cockroach zombie (D:5)
  A jackal skeleton (D:4)
  A leopard gecko skeleton (D:5)
  11 rats
  3 fungi
  A plant (Lair:1)
452 creatures vanquished.

Vanquished Creatures (others)
  A centaur (D:11)
  7 fungi
  A plant (Lair:2)
9 creatures vanquished.

Grand Total: 461 creatures vanquished

Notes
Turn   | Place    | Note
-------+----------+-------------------------------------------
     0 | D:1      | equalderp2856 the Minotaur Fighter began the quest for the Orb.
     0 | D:1      | Reached XP level 1. HP: 19/19 MP: 0/0
   210 | D:1      | Reached XP level 2. HP: 27/27 MP: 1/1
  1199 | D:2      | Reached XP level 3. HP: 28/33 MP: 2/2
  1371 | D:2      | Reached skill level 3 in Axes
  1654 | D:2      | Reached XP level 4. HP: 36/40 MP: 3/3
  1919 | D:3      | Reached skill level 1 in Dodging
  2138 | D:3      | Reached XP level 5. HP: 43/46 MP: 4/4
  2238 | D:3      | Noticed Natasha
  2238 | D:3      | Noticed Ijyb
  2241 | D:3      | Reached skill level 4 in Axes
  2245 | D:3      | Killed Ijyb
  2245 | D:3      | Killed Natasha
  2468 | D:3      | Found a deep blue altar of Sif Muna.
  2469 | D:3      | Found an iron altar of Okawaru.
  2504 | D:3      | Reached skill level 5 in Shields
  2581 | D:3      | Noticed Natasha
  2589 | D:3      | Killed Natasha
  2589 | D:3      | Reached skill level 5 in Axes
  2589 | D:3      | Reached XP level 6. HP: 41/53 MP: 5/5
  2693 | D:3      | Noticed Natasha
  2699 | D:3      | Killed Natasha
  2893 | D:4      | Found a shattered altar of Ashenzari.
  3044 | D:4      | Found a burning altar of Makhleb.
  3221 | D:4      | Reached skill level 5 in Fighting
  3221 | D:4      | Reached skill level 6 in Axes
  3221 | D:4      | Reached XP level 7. HP: 48/61 MP: 6/6
  3368 | D:4      | Found a basalt altar of Yredelemnul.
  3504 | D:5      | Entered Level 5 of the Dungeon
  3601 | D:5      | Found Weufuoph's Assorted Antiques.
  3812 | D:6      | Noticed Thaneod's ghost (novice MiBe)
  4005 | D:5      | Reached skill level 7 in Axes
  4216 | D:5      | Reached skill level 5 in Armour
  4670 | D:6      | Reached XP level 8. HP: 69/69 MP: 7/7
  4768 | D:7      | Reached skill level 8 in Axes
  4993 | D:7      | Noticed a kobold demonologist
  4996 | D:7      | Found a transporter.
  5002 | D:7      | Noticed a kobold demonologist
  5020 | D:7      | Found a transporter.
  5266 | D:7      | Noticed Duvessa
  5278 | D:7      | Killed Duvessa
  5279 | D:7      | Noticed Dowan
  5287 | D:7      | Killed Dowan
  5304 | D:7      | Noticed Joseph
  5311 | D:7      | Found a staircase to the Ecumenical Temple.
  5352 | D:7      | Killed Joseph
  5352 | D:7      | Reached skill level 9 in Axes
  6194 | D:8      | Reached XP level 9. HP: 73/78 MP: 8/8
  6386 | D:8      | Reached skill level 10 in Axes
  6500 | D:8      | Found Uvuwecuh's Antique Weapon Shoppe.
  7049 | D:9      | Found a shadowy altar of Dithmenos.
  7168 | D:9      | Found a shimmering altar of Xom.
  7170 | D:9      | Found a hazy altar of Hepliaklqana.
  7171 | D:9      | Noticed a spectral ugly thing
  7197 | D:9      | Reached skill level 11 in Axes
  7226 | D:9      | Reached XP level 10. HP: 69/88 MP: 9/9
  7231 | D:9      | Found a stormy altar of Qazlal.
  7676 | D:9      | Reached skill level 10 in Shields
  7846 | D:7      | Got a bloodstained mace
  7879 | D:7      | Reached skill level 12 in Axes
  8014 | D:10     | Entered Level 10 of the Dungeon
  8090 | D:10     | Noticed a gargoyle
  8102 | D:10     | Noticed Sonja
  8104 | D:10     | Noticed Erolcha
  8107 | D:10     | Killed a gargoyle
  8110 | D:10     | Killed Erolcha
  8146 | D:10     | Killed Sonja
  8146 | D:10     | Reached skill level 13 in Axes
  8146 | D:10     | Reached XP level 11. HP: 67/95 MP: 10/10
  8979 | D:11     | Noticed equalderp2856's ghost (journeyman MiFi)
  9315 | D:11     | Noticed a green ugly thing
  9326 | D:11     | Killed a green ugly thing
 10109 | D:11     | Found a staircase to the Lair.
 10442 | D:11     | Killed equalderp2856's ghost
 10720 | D:11     | Reached skill level 1 in Stealth
 10730 | D:11     | Reached skill level 14 in Axes
 11056 | Lair:1   | Entered Level 1 of the Lair of Beasts
 11413 | Lair:1   | Reached XP level 12. HP: 84/106 MP: 11/11
 11512 | Lair:1   | Reached skill level 10 in Fighting
 11512 | Lair:1   | Reached skill level 10 in Armour
 12309 | D:11     | Got a fine mace
 12913 | D:12     | Found a staircase to the Orcish Mines.
 12925 | D:12     | Found a roughly hewn altar of Beogh.
 13100 | D:12     | Noticed a two-headed ogre
 13504 | D:12     | Killed a two-headed ogre
 13588 | D:12     | Reached skill level 15 in Axes
 15071 | Lair:2   | Reached skill level 1 in Spellcasting
 15341 | Lair:2   | Reached XP level 13. HP: 104/116 MP: 11/13
 16105 | Lair:3   | Found a staircase to the Shoals.
 16531 | Lair:4   | Found a hole to the Spider Nest.
 16787 | Lair:4   | Reached skill level 16 in Axes
 18114 | Lair:5   | Found a runed door.
 18115 | Lair:5   | Found a viscous altar of Jiyva.
 18116 | Lair:5   | Found a staircase to the Slime Pits.
 18618 | Lair:6   | Entered Level 6 of the Lair of Beasts
 18702 | Lair:6   | HP: 3/118 [wyvern (9)]
 18704 | Lair:6   | Killed from afar by a molten gargoyle

Skill      XL: |  1  2  3  4  5  6  7  8  9 10 11 12 13 |
---------------+----------------------------------------+-----
Shields        | 4 5 6 7 9 10 12 13 | 13.4
Armour         | 4 5 6 7 8 9 11 12 | 12.4
Axes           | 3 5 6 7 9 11 13 14 15 16 | 16.3
Dodging        | 1 2 3 4 |  4.3
Fighting       | 4 5 6 7 8 9 11 12 | 12.2
Stealth        | 1 |  1.2
Spellcasting   | 1 3 |  3.2

Action                   |  1- 3 |  4- 6 |  7- 9 | 10-12 | 13-15 || total
-------------------------+-------+-------+-------+-------+-------++-------
Melee: War axe           |    98 |   115 |   336 |   829 |   283 ||  1661
       Headbutt          |     7 |    23 |    68 |   181 |    88 ||   367
 Fire: Hunting sling     |       |       |    12 |       |       ||    12
  Use: Scroll            |       |       |    11 |     5 |     7 ||    23
       Potion            |       |       |       |    17 |     2 ||    19
  Eat: Chunk             |     2 |     5 |    12 |    21 |    10 ||    50
       Fruit             |       |       |       |     3 |       ||     3
       Royal jelly       |       |       |       |     2 |       ||     2
Armor: Scale mail        |    61 |    48 |     4 |       |       ||   113
       Chain mail        |       |       |   180 |   133 |       ||   313
       Plate armour      |       |       |       |   399 |   154 ||   553
Dodge: Dodged            |    28 |    34 |    91 |   269 |    96 ||   518
Block: Shield            |    56 |    81 |   253 |   493 |       ||   883
       Buckler           |       |       |       |   115 |    98 ||   213
       Reflection        |       |       |       |     4 |     1 ||     5
